Unix NetHack Version 5.0.0-0 post-release - last build Jun 10 2026 00:39:30 (3ee93aec679c4c4259841fe613dc97188e26a321,branch:main).

Game began 2026-06-18 10:33:28, ended 2026-06-18 10:47:22.

FutureTim, lawful female human Valkyrie

                                              ----
                                              |..--       |
                                              |...|----- .|
                                               ...|......-
                                              --........-
                                              |.).?.-
                                          -----.....|
                                          |@........|
                                          --G.......-
                                           --.---.....|
                                            --- |.....|
                                                -.....-
                                                 ......
                                                 ........
                                                ---......|
                                                   --.|.--
                                                     ----
FutureTim the Skirmisher    St:18/01 Dx:13 Co:18 In:9 Wi:8 Ch:9  Lawful
Dlvl:6  $:51 HP:0(42) Pw:7(7) AC:5  Xp:4 T:2009 

Latest messages:
 Your spear glows blue for a moment.
 You climb up the stairs.
 You swap places with your kitten.
 You swap places with your kitten.
 You descend the stairs.
 The kitten bites the gnome.
 You try to move the boulder, but in vain.
 The kitten bites the gnome.
 The gnome is killed!
 The gnome shoots an arrow!
 You are hit by an arrow.
 A trap door opens up under you!
 The gnome throws a dart!
 You are hit by a dart.
 The gnome wields an aklys!
 The gnome secures the tether on the aklys.
 The gnome lord wields an aklys!
 The gnome lord secures the tether on the aklys.
 The gnome throws a dart!
 You catch the dart! q - a dart.
 The gnome throws an aklys!
 An aklys misses you.
 The aklys returns to the gnome's hand!
 The gnome throws an aklys!
 You are hit by an aklys!
 You kill the gnome!
 You see here 2 darts.
 The gnome lord throws an aklys!
 An aklys misses you.
 The gnome lord throws an aklys!
 You are almost hit by an aklys.
 The gnome swings her aklys.
 The gnome hits!
 You kill the gnome!
 The gnome lord throws an aklys!
 You are almost hit by an aklys.
 The gnome lord swings his aklys.
 The gnome lord hits!
 You hit the gnome lord!
 The gnome lord swings his aklys.
 The gnome lord hits!
 You hit the gnome lord!
 The gnome lord swings his aklys.
 The gnome lord hits!
 You die...
 Do you want your possessions identified? [ynq] (y) y
 Do you want to see your attributes? [ynq] (y) y
 Do you want an account of creatures vanquished? [ynaq] (y) y
 Do you want to see your conduct and achievements? [ynq] (y) y
 Do you want to see the dungeon overview? [ynq] (y) y

Inventory:
 Coins    ('$')
  $ - 51 gold pieces
 Weapons  (')')
  q - a +0 dart
  b - a +0 dagger (alternate weapon; not wielded)
  w - a blessed +2 spear (weapon in right hand)
 Armor    ('[')
  c - a blessed +4 small shield (being worn)
 Comestibles  ('%')
  d - 2 uncursed food rations
  o - an uncursed partly eaten food ration
  m - an uncursed lembas wafer
 Scrolls  ('?')
  h - an uncursed scroll of blank paper
 Rings    ('=')
  l - an uncursed ring of warning (on right hand)
 Tools    ('(')
  n - an uncursed mirror
  f - an uncursed tin whistle

FutureTim the Valkyrie's attributes:

Background:
 You were a Skirmisher, a level 4 human Valkyrie.
 You were lawful, on a mission for Tyr
 who was opposed by Odin (neutral) and Loki (chaotic).
 You were right-handed.
 You were in the Gnomish Mines, on level 6.
 You entered the dungeon 2009 turns ago.
 You had 100 experience points, 60 more were needed to attain level 5.

Basics:
 You had 0 out of 42 hit points.
 You had all 7 energy points (spell power).
 Your armor class was 5.
 Your wallet contained 51 zorkmids.
 Autopickup was off.

Final Characteristics:
 Your strength was 18/01 (limit:18/100).
 Your dexterity was 13 (limit:18).
 Your constitution was 18 (limit:18).
 Your intelligence was 9 (limit:18).
 Your wisdom was 8 (limit:18).
 Your charisma was 9 (limit:18).

Final Status:
 You weren't hungry.
 You were unencumbered.
 You were wielding a spear.
 You had basic skill with spear.

Final Attributes:
 You were devoutly aligned.
 You were cold resistant.
 You were telepathic.
 You were warned.
 You were stealthy.
 You are dead.

Miscellaneous:
 You didn't encounter any bones levels.
 Total elapsed playing time was 13 minutes and 54 seconds.

Major events:
 Turn
    1: FutureTim the lawful human Valkyrie entered the dungeon
 1585: attained the rank of Skirmisher (level 3)
 1672: entered the Gnomish Mines
 2009: killed by a gnome lord

You didn't know any spells.

Skills:
 Fighting Skills
   bare handed combat [Unskilled]
   two weapon combat  [Unskilled]
   riding             [Unskilled]
 Weapon Skills
   dagger             [Basic]
   axe                [Unskilled]
   pick-axe           [Unskilled]
   short sword        [Unskilled]
   broadsword         [Unskilled]
   long sword         [Unskilled]
   two-handed sword   [Unskilled]
   saber              [Unskilled]
   hammer             [Unskilled]
   quarterstaff       [Unskilled]
   polearms           [Unskilled]
   spear              [Basic]
   trident            [Unskilled]
   lance              [Unskilled]
   sling              [Unskilled]
 Spellcasting Skills
   attack spells      [Unskilled]
   escape spells      [Unskilled]

Voluntary challenges:
 Character rerolling was not enabled.
 You never genocided any monsters.
 You never polymorphed an object.
 You never changed form.
 You used no wishes.
Achievements:
 You entered a shop.
 You attained the rank of Skirmisher.
 You entered the Gnomish Mines.

 The Dungeons of Doom: levels 1 to 5
    Level 1:
       A fountain.
    Level 2:
       A general store, a fountain.
    Level 3:
       An altar to Tyr, a grave.
    Level 4:
       Stairs down to The Gnomish Mines.
    Level 5:
 The Gnomish Mines: levels 5 to 6
    Level 5:
    Level 6: <- You were here.
       Final resting place for
          you, killed by a gnome lord.


Vanquished creatures:
  a floating eye
  2 homunculi
  a giant bat
  a wererat
 an acid blob
  a gas spore
  a large kobold
  a giant rat
  2 cave spiders
  3 gnomes
  3 geckos
  3 jackals
  a kobold
  2 sewer rats
  2 grid bugs
  a lichen
  a kobold zombie
  7 newts
34 creatures vanquished.

No species were genocided or became extinct.

Game over:
                       ----------
                      /          \
                     /    REST    \
                    /      IN      \
                   /     PEACE      \
                  /                  \
                  |    FutureTim     |
                  |      51 Au       |
                  |   killed by a    |
                  |    gnome lord    |
                  |                  |
                  |                  |
                  |       2026       |
                 *|     *  *  *      | *
        _________)/\\_//(\/(/\)/\//\/|_)_______

Farvel FutureTim the Valkyrie...

You died in The Gnomish Mines on dungeon level 6 with 736 points,
and 51 pieces of gold, after 2009 moves.
You were level 4 with a maximum of 42 hit points when you died.

